TOP OF THE 1ST |
Allentown Hillbillies batting - Pitching for Birmingham Barons : RHP Pedro Valdés
|
Pitching: RHP Pedro Valdés
|
|
Batting: LHB Júlio Lorenzo
|
0-0: Foul Ball, location: 2F 0-1: SINGLE (Groundball, 34S) (infield hit)
|
Batting: SHB Travis Martin
|
0-0: Called Strike Júlio Lorenzo steals 2nd base 0-1: Called Strike 0-2: Ball 1-2: Strikes out swinging
|
Batting: RHB Germano Labrego
|
0-0: Ball 1-0: Ball 2-0: Ball 3-0: Called Strike 3-1: Fly out, F7 (Flyball, 78XD) Runner from 2nd tags up, SAFE at 3rd, no throw
|
Batting: RHB Robert Bly
|
0-0: Foul Ball, location: 2F 0-1: Ball 1-1: Ground out 1-3 (Groundball, 13S)
|
Top of the 1st over - 0 runs, 1 hit, 0 errors, 1 left on base; Allentown 0 - Birmingham 0 |
BOTTOM OF THE 1ST |
Birmingham Barons batting - Pitching for Allentown Hillbillies : RHP Cory Powell
|
Pitching: RHP Cory Powell
|
|
Batting: LHB Salvador López
|
0-0: SOLO HOME RUN (Flyball, 7D), Distance : 338 ft
|
Batting: RHB Jesús Velásquez
|
0-0: Ball 1-0: Foul Ball, location: 2F 1-1: Fly out, F6 (Line Drive, 6)
|
Batting: LHB José Rivera
|
0-0: Called Strike 0-1: Called Strike 0-2: Ball 1-2: Ground out 4-3 (Groundball, 34)
|
Batting: RHB Lorenzo Tamayo
|
0-0: Foul Ball, location: 2F 0-1: Called Strike 0-2: Ball 1-2: Strikes out swinging
|
Bottom of the 1st over - 1 run, 1 hit, 0 errors, 0 left on base; Allentown 0 - Birmingham 1 |
TOP OF THE 2ND |
Allentown Hillbillies batting - Pitching for Birmingham Barons : RHP Pedro Valdés
|
Batting: RHB Marc Cox
|
0-0: Swinging Strike 0-1: Ball 1-1: Ground out 4-3 (Groundball, 4)
|
Batting: RHB Jeff Townsley
|
0-0: Ball 1-0: TRIPLE (Line Drive, 89XD)
|
Batting: LHB António Salazar
|
0-0: Called Strike 0-1: Ball 1-1: Ground out 4-3 (Groundball, 4) Jeff Townsley scores
|
Batting: RHB Juan Magdayao
|
0-0: SINGLE (Groundball, 6MD)
|
Batting: LHB Russell Ewing
|
0-0: Fielders Choice at 2nd, 6-4 (Groundball, 6)
|
Top of the 2nd over - 1 run, 2 hits, 0 errors, 1 left on base; Allentown 1 - Birmingham 1 |
BOTTOM OF THE 2ND |
Birmingham Barons batting - Pitching for Allentown Hillbillies : RHP Cory Powell
|
Batting: RHB Carlos Vásquez
|
0-0: Called Strike 0-1: Foul Ball, location: 2F 0-2: Fly out, F9 (Flyball, 9S)
|
Batting: RHB Reinaldo Amarante
|
0-0: Called Strike 0-1: Ball 1-1: Ball 2-1: Ball 3-1: Base on Balls
|
Batting: RHB Dave Dawson
|
0-0: Ball 1-0: Foul Ball, location: 2F 1-1: Ball 2-1: Grounds into double play, 4-6-3 (Groundball, 4)
|
Bottom of the 2nd over - 0 runs, 0 hits, 0 errors, 0 left on base; Allentown 1 - Birmingham 1 |
TOP OF THE 3RD |
Allentown Hillbillies batting - Pitching for Birmingham Barons : RHP Pedro Valdés
|
Batting: LHB Júlio Lorenzo
|
0-0: Ball 1-0: Ball 2-0: Ball 3-0: Base on Balls
|
Batting: SHB Travis Martin
|
0-0: Ball 1-0: Ball 2-0: Called Strike 2-1: DOUBLE (Line Drive, 9LM) Júlio Lorenzo to third
|
Batting: RHB Germano Labrego
|
0-0: Ball 1-0: Ground out 6-3 (Groundball, 56) Júlio Lorenzo scores
|
Batting: RHB Robert Bly
|
0-0: Fly out, F7 (Flyball, 7S)
|
Batting: RHB Marc Cox
|
0-0: SINGLE (Groundball, 6MD) Travis Martin to third Runner from 3rd tries for Home, SAFE, no throw
|
Batting: RHB Jeff Townsley
|
0-0: Fly out, F8 (Line Drive, 8RD)
|
Top of the 3rd over - 2 runs, 2 hits, 0 errors, 1 left on base; Allentown 3 - Birmingham 1 |
BOTTOM OF THE 3RD |
Birmingham Barons batting - Pitching for Allentown Hillbillies : RHP Cory Powell
|
Batting: RHB Frederick Curtis
|
0-0: Foul Ball, location: 2F 0-1: Ball 1-1: Ball 2-1: Called Strike 2-2: Ball 3-2: Fly out, F5 (Popup, 5S)
|
Batting: RHB Dave Williams
|
0-0: Ball 1-0: Ball 2-0: Foul Ball, location: 2F 2-1: Foul Ball, location: 2F 2-2: Ball 3-2: Foul Ball, location: 2F 3-2: Base on Balls
|
Batting: LHB Salvador López
|
0-0: Ball 1-0: Called Strike 1-1: Fly out, F4 (Flyball, 34D)
|
Batting: RHB Jesús Velásquez
|
0-0: Ball 1-0: Called Strike 1-1: Ball 2-1: Fly out, F6 (Line Drive, 56)
|
Bottom of the 3rd over - 0 runs, 0 hits, 0 errors, 1 left on base; Allentown 3 - Birmingham 1 |
TOP OF THE 4TH |
Allentown Hillbillies batting - Pitching for Birmingham Barons : RHP Pedro Valdés
|
Batting: LHB António Salazar
|
0-0: Ball 1-0: Swinging Strike 1-1: Foul Ball, location: 2F 1-2: Strikes out looking
|
Batting: RHB Juan Magdayao
|
0-0: Ball 1-0: Fly out, F8 (Flyball, 8RM)
|
Batting: LHB Russell Ewing
|
0-0: Swinging Strike 0-1: Foul Ball, location: 2F 0-2: Foul Ball, location: 2F 0-2: Ball 1-2: Strikes out swinging
|
Top of the 4th over - 0 runs, 0 hits, 0 errors, 0 left on base; Allentown 3 - Birmingham 1 |
BOTTOM OF THE 4TH |
Birmingham Barons batting - Pitching for Allentown Hillbillies : RHP Cory Powell
|
Batting: LHB José Rivera
|
0-0: SINGLE (Line Drive, 9LS)
|
Batting: RHB Lorenzo Tamayo
|
0-0: Ball 1-0: Ball 2-0: Called Strike 2-1: Ball 3-1: Grounds into double play, 6-4-3 (Groundball, 6)
|
Batting: RHB Carlos Vásquez
|
0-0: Ground out 6-3 (Groundball, 6)
|
Bottom of the 4th over - 0 runs, 1 hit, 0 errors, 0 left on base; Allentown 3 - Birmingham 1 |
TOP OF THE 5TH |
Allentown Hillbillies batting - Pitching for Birmingham Barons : RHP Pedro Valdés
|
Batting: LHB Júlio Lorenzo
|
0-0: Fly out, F7 (Flyball, 7D)
|
Batting: SHB Travis Martin
|
0-0: Called Strike 0-1: Swinging Strike 0-2: Ball 1-2: Foul Ball, location: 2F 1-2: Strikes out swinging
|
Batting: RHB Germano Labrego
|
0-0: SINGLE (Line Drive, 7S)
|
Batting: RHB Robert Bly
|
0-0: Ball 1-0: Ball 2-0: Called Strike 2-1: Ball 3-1: Foul Ball, location: 2F 3-2: Foul Ball, location: 2F 3-2: Foul Ball, location: 2F 3-2: Base on Balls Germano Labrego to second
|
Batting: RHB Marc Cox
|
0-0: Swinging Strike 0-1: Ball 1-1: Foul Ball, location: 2F 1-2: Foul Ball, location: 2F 1-2: Ball 2-2: SINGLE (Flyball, 9LS) Germano Labrego to third Robert Bly to second Runner from 3rd tries for Home, throw and OUT!
|
Top of the 5th over - 0 runs, 2 hits, 0 errors, 2 left on base; Allentown 3 - Birmingham 1 |
BOTTOM OF THE 5TH |
Birmingham Barons batting - Pitching for Allentown Hillbillies : RHP Cory Powell
|
Batting: RHB Reinaldo Amarante
|
0-0: Called Strike 0-1: Foul Ball, location: 2F 0-2: Ground out 6-3 (Groundball, 6)
|
Batting: RHB Dave Dawson
|
0-0: DOUBLE (Line Drive, 8RD)
|
Batting: RHB Frederick Curtis
|
0-0: Called Strike 0-1: Ball 1-1: Foul Ball, location: 2F 1-2: Foul Ball, location: 2F 1-2: Ball 2-2: Foul Ball, location: 2F 2-2: SINGLE (Flyball, 9S) Dave Dawson to third Runner from 3rd tries for Home, SAFE, throw made home
|
Batting: RHB Dave Williams
|
0-0: Ball 1-0: Foul Ball, location: 2F 1-1: Ball 2-1: Fly out, F7 (Flyball, 7S)
|
Batting: LHB Salvador López
|
0-0: Called Strike 0-1: Called Strike 0-2: Ball 1-2: Fly out, F3 (Popup, 3F)
|
Bottom of the 5th over - 1 run, 2 hits, 0 errors, 1 left on base; Allentown 3 - Birmingham 2 |
TOP OF THE 6TH |
Allentown Hillbillies batting - Pitching for Birmingham Barons : RHP Pedro Valdés
|
Batting: RHB Jeff Townsley
|
0-0: Swinging Strike
|
|
|
|
0-1: Swinging Strike 0-2: Ball 1-2: Ball 2-2: Ball 3-2: Strikes out swinging
|
Batting: LHB António Salazar
|
0-0: Ball 1-0: Foul Ball, location: 2F 1-1: Foul Ball, location: 2F 1-2: DOUBLE (Line Drive, 7LM)
|
Batting: RHB Juan Magdayao
|
0-0: Ball 1-0: Called Strike 1-1: SINGLE (Groundball, 56D) António Salazar to third Runner from 3rd tries for Home, SAFE, no throw
|
Pitching: RHP Stanley Briggs
|
|
Batting: LHB Russell Ewing
|
0-0: Called Strike 0-1: Ball 1-1: Ball 2-1: Foul Ball, location: 2F 2-2: Ball 3-2: Fly out, F9 (Flyball, 89D)
|
Batting: LHB Júlio Lorenzo
|
0-0: Called Strike 0-1: Ball 1-1: Ball 2-1: SINGLE (Groundball, 34D) Juan Magdayao to second Runner from 2nd tries for 3rd, SAFE, no throw
|
Batting: SHB Travis Martin
|
0-0: Foul Ball, location: 2F 0-1: Swinging Strike 0-2: Ball 1-2: Ball 2-2: Fielders Choice at 2nd, 6-4 (Groundball, 6)
|
Top of the 6th over - 1 run, 3 hits, 0 errors, 2 left on base; Allentown 4 - Birmingham 2 |
BOTTOM OF THE 6TH |
Birmingham Barons batting - Pitching for Allentown Hillbillies : RHP Cory Powell
|
Batting: RHB Jesús Velásquez
|
0-0: Ball 1-0: Called Strike 1-1: Swinging Strike 1-2: Ball 2-2: Fly out, F7 (Flyball, 7S)
|
Batting: LHB José Rivera
|
0-0: Ball 1-0: Ball 2-0: Ball 3-0: Base on Balls
|
Pitching: RHP Mike Pierce
|
|
Batting: RHB Lorenzo Tamayo
|
0-0: Foul Ball, location: 2F 0-1: Ball 1-1: Ball 2-1: Fielders Choice at 2nd, 6-4 (Groundball, 6M)
|
Batting: RHB Carlos Vásquez
|
0-0: Ball 1-0: SINGLE (Groundball, 34S) (infield hit) Lorenzo Tamayo to second
|
Batting: RHB Reinaldo Amarante
|
0-0: Swinging Strike 0-1: Called Strike 0-2: Ball 1-2: Foul Ball, location: 2F 1-2: Ball 2-2: Foul Ball, location: 2F 2-2: Foul Ball, location: 2F 2-2: Fielders Choice at 2nd, 5-4 (Groundball, 56)
|
Bottom of the 6th over - 0 runs, 1 hit, 0 errors, 2 left on base; Allentown 4 - Birmingham 2 |
TOP OF THE 7TH |
Allentown Hillbillies batting - Pitching for Birmingham Barons : RHP Stanley Briggs
|
Batting: RHB Germano Labrego
|
0-0: Ground out 1-3 (Groundball, P)
|
Batting: RHB Robert Bly
|
0-0: Ball 1-0: Ground out 5-3 (Groundball, 56)
|
Batting: RHB Marc Cox
|
0-0: Called Strike 0-1: Foul Ball, location: 2F 0-2: Ball 1-2: Ball 2-2: Strikes out looking
|
Top of the 7th over - 0 runs, 0 hits, 0 errors, 0 left on base; Allentown 4 - Birmingham 2 |
BOTTOM OF THE 7TH |
Birmingham Barons batting - Pitching for Allentown Hillbillies : RHP Mike Pierce
|
Batting: RHB Dave Dawson
|
0-0: Ball 1-0: Called Strike 1-1: Foul Ball, location: 2F 1-2: Ball 2-2: Foul Ball, location: 2F 2-2: Ball 3-2: SINGLE (Line Drive, 34D)
|
Batting: RHB Frederick Curtis
|
0-0: Ball 1-0: Swinging Strike 1-1: Swinging Strike 1-2: Ball 2-2: Foul Ball, location: 2F 2-2: Ball 3-2: Base on Balls Dave Dawson to second
|
Batting: RHB Dave Williams
|
0-0: Ball 1-0: Grounds into double play, 5-4-3 (Groundball, 56) Dave Dawson to third
|
Batting: LHB Salvador López
|
0-0: Ball 1-0: Fly out, F4 (Popup, 4D)
|
Bottom of the 7th over - 0 runs, 1 hit, 0 errors, 1 left on base; Allentown 4 - Birmingham 2 |
TOP OF THE 8TH |
Allentown Hillbillies batting - Pitching for Birmingham Barons : RHP Stanley Briggs
|
Batting: RHB Jeff Townsley
|
0-0: Ball 1-0: Called Strike 1-1: Ball 2-1: Ground out U3 (Groundball, 3L)
|
Batting: LHB António Salazar
|
0-0: Ball 1-0: Ball 2-0: Ball 3-0: Swinging Strike 3-1: Swinging Strike 3-2: Foul Ball, location: 2F 3-2: Strikes out looking
|
Batting: RHB Juan Magdayao
|
0-0: Ball 1-0: Ball 2-0: Ball 3-0: Called Strike 3-1: Foul Ball, location: 2F 3-2: Foul Ball, location: 2F 3-2: Base on Balls
|
Batting: LHB Russell Ewing
|
0-0: Fly out, F2 (Popup, 15S)
|
Top of the 8th over - 0 runs, 0 hits, 0 errors, 1 left on base; Allentown 4 - Birmingham 2 |
BOTTOM OF THE 8TH |
Birmingham Barons batting - Pitching for Allentown Hillbillies : RHP Mike Pierce
|
Batting: RHB Jesús Velásquez
|
0-0: Called Strike 0-1: Ball 1-1: Called Strike 1-2: DOUBLE (Line Drive, 78XD)
|
Pitching: LHP Alejandro Castillo
|
|
Batting: LHB José Rivera
|
0-0: Ball 1-0: Called Strike 1-1: Foul Ball, location: 2F 1-2: Fly out, F8 (Line Drive, 8RM)
|
Pitching: RHP Coy Torres
|
|
Batting: RHB Lorenzo Tamayo
|
0-0: Ball 1-0: Ground out 4-3 (Groundball, 4) Jesús Velásquez to third
|
Batting: RHB Carlos Vásquez
|
0-0: Ball 1-0: Called Strike 1-1: Ball 2-1: Ball 3-1: Foul Ball, location: 2F 3-2: Reached on error, E6 (Groundball, 56) Jesús Velásquez scores
|
Batting: RHB Reinaldo Amarante
|
0-0: Ball 1-0: Ball 2-0: Ball 3-0: Called Strike 3-1: Called Strike 3-2: Base on Balls Carlos Vásquez to second
|
Batting: RHB Dave Dawson
|
0-0: Ball 1-0: Ball Passed Ball! Carlos Vásquez to third Reinaldo Amarante to second 2-0: Ground out 4-3 (Groundball, 4D)
|
Bottom of the 8th over - 1 run, 1 hit, 1 error, 2 left on base; Allentown 4 - Birmingham 3 |
TOP OF THE 9TH |
Allentown Hillbillies batting - Pitching for Birmingham Barons : RHP Stanley Briggs
|
Batting: LHB Júlio Lorenzo
|
0-0: Ball 1-0: DOUBLE (Line Drive, 9LM)
|
Pinch Hitting: RHB Rubén Vázquez
|
0-0: Ball 1-0: Ball 2-0: Ball 3-0: Base on Balls
|
Batting: RHB Germano Labrego
|
0-0: Ball 1-0: Ball 2-0: Called Strike 2-1: Ball 3-1: Base on Balls Júlio Lorenzo to third Rubén Vázquez to second
|
Pitching: RHP Gabriel Oliuo
|
|
Batting: RHB Robert Bly
|
0-0: Ball 1-0: Ball 2-0: Ball 3-0: Called Strike 3-1: Foul Ball, location: 2F 3-2: Foul Ball, location: 2F 3-2: Strikes out swinging
|
Batting: RHB Marc Cox
|
0-0: Called Strike 0-1: SINGLE (Groundball, 3) (infield hit) Júlio Lorenzo scores Rubén Vázquez to third Germano Labrego to second
|
Batting: RHB Jeff Townsley
|
0-0: Called Strike 0-1: Ball Wild Pitch! Rubén Vázquez scores Germano Labrego to third Marc Cox to second 1-1: Foul Ball, location: 2F 1-2: Strikes out swinging
|
Batting: LHB António Salazar
|
0-0: Ball 1-0: Ball 2-0: Fly out, F6 (Popup, 6M)
|
Top of the 9th over - 2 runs, 2 hits, 0 errors, 2 left on base; Allentown 6 - Birmingham 3 |
BOTTOM OF THE 9TH |
Birmingham Barons batting - Pitching for Allentown Hillbillies : RHP Coy Torres
|
Now at 2B: Von Ford
|
|
Batting: RHB Frederick Curtis
|
0-0: Called Strike 0-1: Foul Ball, location: 2F 0-2: Ball 1-2: Ball 2-2: SINGLE (Line Drive, 7S)
|
Batting: RHB Dave Williams
|
0-0: Ball 1-0: Ball 2-0: Fly out, F8 (Flyball, 8LM)
|
Batting: LHB Salvador López
|
0-0: Ball 1-0: Foul Ball, location: 2F 1-1: Called Strike 1-2: Fielders Choice at 2nd, 4-6 (Groundball, 4)
|
Batting: RHB Jesús Velásquez
|
0-0: Ball 1-0: Ball 2-0: Called Strike 2-1: Foul Ball, location: 2F 2-2: Fly out, F9 (Flyball, 9LM)
|
Bottom of the 9th over - 0 runs, 1 hit, 0 errors, 1 left on base; Allentown 6 - Birmingham 3 |
|
Saturday, April 7th, 2018 - OOTP Baseball 18.8 Build 76
|
|